 Dungeon Crawl Stone Soup version 0.28-a0-1038-g9c4cb8273d (webtiles) character file.

Game seed: 6097111068591092431

3058 EnegeticOcto the Cleaver (level 9, -3/79 HPs)
             Began as a Hill Orc Artificer on Dec 8, 2021.
             Was a Believer of Makhleb.
             Shot with an arrow by a centaur warrior (23 damage)
             ... on level 8 of the Dungeon.
             The game lasted 00:22:15 (11431 turns).

EnegeticOcto the Cleaver (Hill Orc Artificer)      Turns: 11431, Time: 00:22:15

Health: -3/79      AC: 15    Str: 19    XL:     9   Next: 87%
Magic:  14/14      EV:  9    Int: 11    God:    Makhleb [**....]
Gold:   404        SH:  3    Dex: 11    Spells: 8/8 levels left

rFire   + . .      SeeInvis .   L - +0 war axe
rCold   + . .      Faith    .   t - +0 buckler
rNeg    . . .      Spirit   .   R - +0 plate armour
rPois   +          Reflect  .   (no helmet)
rElec   +          Harm     .   i - +0 cloak
rCorr   +          Rampage  .   C - +1 pair of gloves
Will    .....                   (no boots)
Stlth   ..........              (no amulet)
HPRegen 0.23/turn               g - +4 ring of evasion
MPRegen 0.14/turn               E - ring of poison resistance

@: resistant
A: no striking features
a: Renounce Religion, Minor Destruction


You were on level 8 of the Dungeon.
You worshipped Makhleb.
Makhleb was pleased with you.
You visited 1 branch of the dungeon, and saw 8 of its levels.

You collected 404 gold pieces.

Inventory:

Hand Weapons
 q - a +0 spear
   (You took it off a kobold on level 2 of the Dungeon)
 A - a +1 hand axe
   (You found it on level 3 of the Dungeon)
 F - a +0 short sword of venom
   (You found it on level 4 of the Dungeon)
 L - a +0 war axe (weapon)
   (You took it off an orc warrior on level 5 of the Dungeon)
Missiles
 h - 3 silver javelins
 j - 209 stones
 M - 22 poisoned darts (quivered)
 N - a throwing net {!f}
 P - a curare-tipped dart
Armour
 i - a +0 cloak (worn)
   (You found it on level 4 of the Dungeon)
 t - a +0 buckler (worn)
   (You took it off a kobold on level 2 of the Dungeon)
 u - a +0 ring mail
   (You took it off a kobold on level 2 of the Dungeon)
 w - a +0 kite shield
   (You found it on level 2 of the Dungeon)
 C - a +1 pair of gloves (worn)
   (You found it on level 3 of the Dungeon)
 D - a +0 chain mail
   (You took it off an orc on level 3 of the Dungeon)
 R - a +0 plate armour (worn)
   (You took it off an orc warrior on level 7 of the Dungeon)
Jewellery
 g - a +4 ring of evasion (left hand)
   (You found it on level 1 of the Dungeon)
 E - a ring of poison resistance (right hand)
   (You found it on level 4 of the Dungeon)
Wands
 c - a wand of flame (5) {@v4}
 d - a wand of charming (14)
 H - a wand of acid (5) {@v1}
   (You found it on level 6 of the Dungeon)
 I - a wand of paralysis (4)
   (You found it on level 6 of the Dungeon)
Scrolls
 a - 3 scrolls of enchant weapon
 b - a scroll of torment
 f - 2 scrolls of teleportation {@r3 !r}
 p - a scroll of noise {unknown}
 s - 2 scrolls of immolation
 y - a scroll of brand weapon {unknown}
 z - a scroll of enchant armour
 B - a scroll of fear {!r}
 Q - a scroll of silence {unknown}
Potions
 l - a potion of might {@q3 !q}
 n - a potion of attraction
 o - a potion of mutation
 r - 3 potions of curing {@q1 !q}
 v - 3 potions of lignification {@q6}
 x - a potion of magic
 G - a potion of ambrosia {unknown}
 J - a potion of brilliance {unknown}
 K - a potion of cancellation {unknown}
 O - a potion of invisibility {unknown}
Miscellaneous
 e - a piece from Xom's chessboard (15/15)


   Skills:
 + Level 7.1 Fighting
 + Level 12.6(12.7) Axes
 - Level 1.4(6.9) Maces & Flails
 - Level 4.0 Armour
 - Level 0.7 Dodging
 - Level 2.0 Stealth
 + Level 7.0 Invocations
 - Level 3.0 Evocations


You had 8 spell levels left.
You didn't know any spells.
Your spell library contained the following spells:

 Spells                   Type           Power      Damage    Failure   Level
 Magic Dart               Conj           0%         1d3       100%        1
 Call Imp                 Summ           0%         N/A       100%        2
 Searing Ray              Conj           0%         2d4       100%        2
 Mephitic Cloud           Conj/Pois/Air  0%         N/A       100%        3
 Fulminant Prism          Conj/Hex       0%         3d6       100%        4


Dungeon Overview and Level Annotations

Branches:
Dungeon (8/15)             Temple (0/1) D:5
   Lair: D:8-11

Altars:
Cheibriados
Dithmenos
Fedhas
Hepliaklqana
Makhleb
Okawaru
Qazlal
Sif Muna
Wu Jian
Xom
Yredelemnul

Shops:
D:1 =


Message History

You are too injured to fight recklessly!
You are too injured to fight recklessly!
You are too injured to fight recklessly!
You are too injured to fight recklessly!
You are too injured to fight recklessly!
You are too injured to fight recklessly!
You closely miss Joseph.
Joseph is heavily wounded.
You block Joseph's attack.
Aiming: Corrosive Bolt
Press: ? - help, Shift-Dir - straight line, f/p - Joseph
Aim: Joseph, wielding a +0 quarterstaff, wearing a +0 leather armour and quivering sling bullets (heavily wounded, 74% to hit)
The bolt of acid hits Joseph!
Joseph is severely wounded.
Joseph hits you with a +0 quarterstaff.
Aiming: Corrosive Bolt
Press: ? - help, Shift-Dir - straight line, f/p - Joseph
Aim: Joseph, wielding a +0 quarterstaff, wearing a +0 leather armour and quivering sling bullets (severely wounded, 74% to hit)
The bolt of acid hits Joseph!
The acid corrodes Joseph!
Joseph is almost dead.
Joseph barely misses you.
You slash Joseph!
You kill Joseph!
Makhleb accepts your kill.
Your Fighting skill increases to level 7!
Your Invocations skill increases to level 7!
Items here: ( )) [ †.
Okay, then.
Magic restored.
Done exploring.
Done exploring.
Done exploring.
As you read the scroll labelled COFE MOZXEJUCS, it crumbles to dust.
You assume a fearsome visage.
Nothing appears to happen.
It was a scroll of fear.
Okay, then.
Search for what [Enter for "."]? .
Unknown command.
Search for what [Enter for "."]? axe Done exploring.
Done exploring.
(D) Dungeon (T) Temple
Where to? (Enter - D:7, ? - help)
Items here: ( )) [ †.
You see here a +0 scale mail.
There is a stone staircase leading down here.
You climb downwards.
You hear the roar of battle.
There is an entrance to a bailey on this level.
Hurry and find it before the portal closes forever!
There is a stone staircase leading up here.
As you read the scroll labelled LIKI LAPSOHECU, it crumbles to dust.
You feel aware of your surroundings.
You sensed 1 altar, and 1 shop/portal.
It was a scroll of magic mapping.
A deep elf pyromancer comes into view. It is wielding a +0 short sword.
The deep elf pyromancer shouts!
A centaur comes into view.
Aiming: Paralyse
Press: ? - help, Shift-Dir - straight line, f - deep elf pyromancer
Aim: a deep elf pyromancer, wielding a +0 short sword (chance to affect: 37%)
The deep elf pyromancer easily resists.
Aiming: Paralyse
Press: ? - help, Shift-Dir - straight line, f/p - deep elf pyromancer
Aim: a deep elf pyromancer, wielding a +0 short sword (chance to affect: 37%)
The deep elf pyromancer easily resists.
The deep elf pyromancer gestures at you while chanting.
The bolt of fire hits you!!
Aiming: Paralyse
Press: ? - help, Shift-Dir - straight line, f/p - deep elf pyromancer
Aim: a deep elf pyromancer, wielding a +0 short sword (chance to affect: 37%)
The deep elf pyromancer easily resists.
Aiming: Paralyse
Press: ? - help, Shift-Dir - straight line, f/p - deep elf pyromancer
Aim: a deep elf pyromancer, wielding a +0 short sword (chance to affect: 37%)
The deep elf pyromancer easily resists.
The deep elf pyromancer casts a spell at you.
The bolt of fire hits you!!
Okay, then.
You feel protected.
A centaur warrior comes into view.
The centaur wields a +0 shortbow.
The centaur shoots an arrow.
The arrow closely misses you.
The deep elf pyromancer hits you but does no damage.
Okay, then.
Okay, then.
Okay, then.
Okay, then.
Okay, then.
Okay, then.
Okay, then.
It was a potion of curing.
You feel better.
The centaur shoots an arrow.
The arrow hits you!
A skeletal warrior comes into view. It is wielding a +0 trident.
The deep elf pyromancer casts a spell.
The deep elf pyromancer blinks!
The centaur shoots an arrow.
The arrow hits you!
* * * LOW HITPOINT WARNING * * *
The centaur shoots an arrow.
The arrow misses you.
The centaur warrior wields a +0 shortbow.
The centaur warrior shoots an arrow.
The arrow hits you!!
You die...

,,,,,,,****##...##..*,,**,,,,****
,,,,,,,,,,,,....#.e*,*,,*,,,,+,,,
,,,,,********....#*,*,**,,,,,*,**
,*,*,* ##.e#,,*,*,,*,,,**,**
,,,*,* ##.cc##,,*,,**,,***,*
*,,*,* #.....##,*,**,,** *,**
*,,*,* #....z.##****+** *,,,
,,,,,* #.......### *,********
,<,*** #....@....# *,,,,,,,,,
*,** #.#.....#.#**,,*,,,,,, *,*
#.........#*,,,*,****, *,*
#.#.....#.#..,,,,****, *,*
**#.##.<.......,,,,,,,,, *,*
#...........###,,*,,,,,, ,,*
#.########### *,,******, *** #.*
*,,******, *,* *,,,,,,,,,


You could see a skeletal warrior, a centaur warrior, a deep elf pyromancer and a
centaur.

Vanquished Creatures
  Joseph (D:7)
  Prince Ribbit (D:7)
  Sigmund (D:5)
  Menkaure (D:4)
  A water moccasin (D:5)
  2 orc warriors
  An ogre (D:3)
  3 ice beasts (D:7)
  2 necrophages (D:6)
  3 centaurs (D:7)
  2 phantoms
  2 kobold brigands (D:7)
  A gnoll sergeant (D:5)
  A scorpion (D:7)
  2 bullfrogs (D:7)
  A wyvern zombie (D:7)
  A water moccasin skeleton (D:4)
  A killer bee (D:5)
  A howler monkey (D:5)
  A bullfrog zombie (D:6)
  2 centaur skeletons (D:7)
  An orc priest (D:5)
  A jelly (D:7)
  2 iguanas
  Terence (D:2)
  5 orc wizards (D:6)
  4 adders
  10 gnolls
  2 shadow imps
  2 dart slugs
  5 orcs
  6 ball pythons
  11 endoplasms
  2 giant cockroaches
  2 goblins (D:2)
  7 hobgoblins
  5 jackals (D:4)
  4 quokkas
  A bat (D:1)
  A frilled lizard (D:2)
  13 kobolds
  6 rats
122 creatures vanquished.

Vanquished Creatures (collateral kills)
  A scorpion (D:5)
1 creature vanquished.

Grand Total: 123 creatures vanquished

Notes
Turn   | Place    | Note
-------+----------+-------------------------------------------
     0 | D:1      | EnegeticOcto the Hill Orc Artificer began the quest for the
                  | Orb.
     0 | D:1      | Reached XP level 1. HP: 16/16 MP: 1/1
    44 | D:1      | Reached skill level 1 in Stealth
  1002 | D:1      | Reached XP level 2. HP: 8/23 MP: 2/2
  1436 | D:1      | Reached skill level 2 in Stealth
  1440 | D:1      | Found Eneonn's Jewellery Boutique.
  2089 | D:1      | Reached skill level 2 in Fighting
  2117 | D:1      | Found a burning altar of Makhleb.
  2190 | D:1      | Reached XP level 3. HP: 27/30 MP: 3/3
  2216 | D:1      | Became a worshipper of Makhleb the Destroyer
  2792 | D:2      | Found a faded altar of an unknown god.
  2885 | D:2      | Reached skill level 3 in Fighting
  3259 | D:2      | Found a hazy altar of Hepliaklqana.
  3614 | D:3      | Reached skill level 1 in Maces & Flails
  3652 | D:3      | Reached XP level 4. HP: 38/38 MP: 4/4
  3706 | D:3      | Reached skill level 1 in Axes
  4004 | D:3      | Noticed Terence
  4749 | D:4      | Reached skill level 3 in Axes
  5046 | D:4      | Found a basalt altar of Yredelemnul.
  5370 | D:2      | Killed Terence
  5371 | D:2      | Reached XP level 5. HP: 41/45 MP: 5/5
  5470 | D:4      | Noticed Menkaure
  5474 | D:4      | Killed Menkaure
  5474 | D:4      | Reached * piety under Makhleb
  5475 | D:4      | Reached skill level 5 in Axes
  5475 | D:4      | Reached XP level 6. HP: 51/51 MP: 6/6
  5605 | D:3      | Reached skill level 6 in Axes
  5967 | D:4      | Found a shimmering altar of Xom.
  6088 | D:4      | Reached skill level 7 in Axes
  6826 | D:5      | Entered Level 5 of the Dungeon
  6879 | D:5      | Found a shadowy altar of Dithmenos.
  6911 | D:5      | Noticed a water moccasin
  6924 | D:5      | Reached XP level 7. HP: 57/57 MP: 7/7
  6963 | D:5      | Reached skill level 8 in Axes
  6978 | D:5      | Found an iron altar of Okawaru.
  6988 | D:5      | Noticed Sigmund
  7007 | D:5      | Killed Sigmund
  7129 | D:5      | Found a staircase to the Ecumenical Temple.
  7238 | D:5      | Reached skill level 9 in Axes
  7459 | D:5      | Found a blossoming altar of Fedhas.
  8106 | D:6      | Reached skill level 10 in Axes
  8210 | D:6      | Reached XP level 8. HP: 63/63 MP: 8/8
  8662 | D:5      | Reached skill level 1 in Invocations
  8736 | D:6      | Found a snail-covered altar of Cheibriados.
  8770 | D:6      | Reached skill level 3 in Armour
  8770 | D:6      | Reached skill level 2 in Invocations
  8796 | D:6      | Reached skill level 11 in Axes
  9297 | D:5      | Reached skill level 4 in Fighting
  9297 | D:5      | Reached skill level 3 in Invocations
  9512 | D:6      | Found a shimmering blue altar of Sif Muna.
  9672 | D:6      | Found an ornate altar of the Wu Jian Council.
  9861 | D:7      | Reached skill level 4 in Armour
  9861 | D:7      | Reached ** piety under Makhleb
  9951 | D:7      | Reached skill level 4 in Invocations
  9973 | D:7      | Reached XP level 9. HP: 73/73 MP: 12/12
 10035 | D:7      | Reached skill level 5 in Fighting
 10217 | D:7      | Reached skill level 5 in Invocations
 10433 | D:7      | Reached skill level 12 in Axes
 10614 | D:7      | Reached skill level 6 in Fighting
 10848 | D:7      | Reached skill level 6 in Invocations
 10965 | D:7      | Noticed Prince Ribbit
 10982 | D:7      | Killed Prince Ribbit
 11196 | D:7      | Found a stormy altar of Qazlal.
 11206 | D:7      | Noticed Joseph
 11225 | D:7      | Killed Joseph
 11226 | D:7      | Reached skill level 7 in Fighting
 11226 | D:7      | Reached skill level 7 in Invocations
 11420 | D:8      | Noticed a deep elf pyromancer
 11426 | D:8      | Noticed a centaur warrior
 11427 | D:8      | Noticed a skeletal warrior
 11431 | D:8      | Shot with an arrow by a centaur warrior

Illustrated notes

Levels and vault maps discovered:
D:1:      dpeg_arrival_rooms_c, layout_basic, serial_shops,
          nicolae_shop_window_shopping, kennysheep_flooded_box,
          grunt_decor_mini_mirrors
D:2:      layout_basic, basic_altar, hellmonk_ecumenical_altar_blasted,
          kennysheep_cross_bottleneck, kennysheep_big_empty_room,
          minmay_misc_feat_doors, small_statue_intersection
D:3:      layout_loops_ring, uniq_terence
D:4:      layout_layer_cave, amcnicky_altar_gilded, tgw_xom, uniq_menkaure
D:5:      kennysheep_big_flooded_room, layout_loops_cross,
          kennysheep_little_box, mainiacjoe_overflow_24_doors,
          general_overflow_altar, minmay_temple_entry_statues_pillars,
          uniq_sigmund
D:6:      layout_loops_ring, nicolae_wu_jian_immortal_techniques,
          mainiacjoe_overflow_brackets, kennysheep_orc_sif_temple, dk_vineyard_3
D:7:      nicolae_cairo_tiling, layout_basic, mainiacjoe_overflow_alcove_1,
          serial_corexii_hall, corexii_hall_statues_t, corexii_hall_statues_l,
          corexii_hall_statues_s, corexii_hall_statues_x,
          corexii_hall_statues_s, chequers_hall_statues_y, grunt_ministairs_6,
          grunt_tough_drop, uniq_prince_ribbit1, uniq_joseph
D:8:      minmay_bloctagon_deflated, layout_loops_corners, kennysheep_mini_moat,
          enter_bailey_3, nicolae_concentric_dashed_squares_mild, uniq_pikel,
          uniq_maggie

Skill      XL: |  1  2  3  4  5  6  7  8  9 |
---------------+----------------------------+-----
Stealth        | 1 2 |  2.0
Fighting       | 2 3 4 7 |  7.1
Maces & Flails | 1 |  1.4
Axes           | 3 5 7 10 11 12 | 12.6
Invocations    | 4 7 |  7.0
Armour         | 4 |  4.0
Dodging        | |  0.7
Evocations     | |  3.0

Action                   |  1- 3 |  4- 6 |  7- 9 || total
-------------------------+-------+-------+-------++-------
Melee: Club              |    61 |       |       ||    61
       Short sword       |    32 |     6 |    18 ||    56
       Dagger            |    11 |       |       ||    11
       Mace              |    78 |       |       ||    78
       Hand axe          |     7 |    90 |   219 ||   316
       War axe           |       |       |   136 ||   136
Throw: Stone             |    24 |    13 |    22 ||    59
       Dart              |       |       |     7 ||     7
Invok: Minor Destruction |       |       |    14 ||    14
Evoke: Wand              |     2 |     7 |     8 ||    17
       Piece from Xom's  |       |     1 |     3 ||     4
  Use: Scroll            |     1 |     3 |     8 ||    12
       Potion            |       |       |     2 ||     2
 Stab: Sleeping          |     2 |     1 |       ||     3
Armor: Leather armour    |    24 |       |       ||    24
       Ring mail         |     9 |     9 |       ||    18
       Chain mail        |       |    18 |   140 ||   158
       Plate armour      |       |       |    19 ||    19
Dodge: Dodged            |   153 |    53 |   148 ||   354
Block: Buckler           |     3 |    14 |    38 ||    55

Table legend: (Time is in decaauts)
 A = Elapsed time spent in this place.
 B = Non-inter-level travel time spent in this place.
 C = Inter-level travel time spent in this place.
 D = Time resting spent in this place.
 E = Time spent auto-exploring this place.
 F = Levels seen in this place.
 G = Mean time per level.
                   A        B        C        D        E       F      G
               +--------+--------+--------+--------+--------+-----+--------+
         Total |  11502 |  11008 |    494 |   1401 |   6901 |   8 | 1437.8 |
       Dungeon |  11502 |  11008 |    494 |   1401 |   6901 |   8 | 1437.8 |
               +--------+--------+--------+--------+--------+-----+--------+

Top non-repeatable levels by time:
     D:1: 2335 daAuts
     D:5: 1892 daAuts
     D:3: 1644 daAuts
     D:2: 1614 daAuts
     D:7: 1571 daAuts
     D:4: 1313 daAuts
     D:6: 1113 daAuts
     D:8: 18 daAuts
